 Dungeon Crawl Stone Soup version 0.21-a0-151-ga4fe563 (webtiles) character file.

18438 tilp the Arsonist (level 12, -8/153 HPs)
             Began as a Hill Orc Fire Elementalist on July 29, 2017.
             Was a High Priest of Okawaru.
             Mangled by an orc warrior
             ... wielding a +0 long sword
             ... led by an orc knight
              (10 damage)
             ... on level 10 of the Dungeon on July 30, 2017.
             The game lasted 01:09:57 (16136 turns).

tilp the Arsonist (Hill Orc Fire Elementalist)     Turns: 16136, Time: 01:09:58

Health: -8/153     AC: 26    Str: 12      XL:     12   Next: 58%
Magic:  1/14       EV:  2    Int: 19      God:    Okawaru [*****.]
Gold:   522        SH:  0    Dex: 10 (11) Spells: 0/15 levels left

rFire    . . .     SeeInvis .   d - +2 war axe (freeze)
rCold    + . .     Gourm    .   (no shield)
rNeg     + + +     Faith    .   (armour currently unavailable)
rPois    +         Spirit   .   (helmet currently unavailable)
rElec    .         Reflect  .   (cloak currently unavailable)
rCorr    .         Harm     .   (gloves currently unavailable)
MR       .....     NoTele   +   (boots currently unavailable)
Stlth    ++........             (no amulet)
HPRegen  0.35/turn              q - ring of protection from cold
MPRegen  0.14/turn              (no ring)

@: tree-form
A: deterioration 1, low mp 1
a: Heroism, Finesse, Renounce Religion


You were on level 10 of the Dungeon.
You worshipped Okawaru.
Okawaru was extremely pleased with you.
You were very hungry.
You were a tree.
You visited 4 branches of the dungeon, and saw 15 of its levels.

You collected 822 gold pieces.
You spent 300 gold pieces at shops.

Inventory:

Hand Weapons
 d - a +2 war axe of freezing (weapon)
 h - a +1 hand axe of flaming
 m - a +1 whip of electrocution
 x - a +0 battleaxe
Missiles
 c - 8 tomahawks of returning
 R - 5 javelins of returning (quivered)
Armour
 k - a +2 helmet (melded)
 t - a +2 pair of gloves (melded)
 w - a +1 pair of boots (melded)
 D - a scarf of resistance (melded)
 U - a +0 troll leather armour (melded)
Magical Staves
 G - an uncursed staff of cold
 I - an uncursed staff of summoning
 W - an uncursed staff of earth {unknown}
Jewellery
 q - a ring of protection from cold (left branch)
Wands
 r - a wand of paralysis (10/24)
 C - a wand of digging (12/24)
 T - a wand of polymorph (13/24)
 X - a wand of disintegration (6/24)
 Z - a wand of lightning (1/15)
Scrolls
 a - a scroll of blinking {unknown}
 i - 6 scrolls of teleportation
 l - 5 scrolls of amnesia
 p - 4 scrolls of magic mapping
 u - a scroll of fog {unknown}
 v - 4 scrolls of recharging
 y - 5 scrolls of remove curse
 z - a scroll of enchant weapon
 K - a scroll of vulnerability {unknown}
 Q - 3 scrolls of fear
Potions
 f - 5 potions of brilliance
 j - a potion of flight
 n - a potion of might
 o - a potion of lignification
 A - a potion of magic {unknown}
 L - a potion of haste
 P - a potion of agility
Books
 g - a book of Changes

   Spells                             Type                      Level
   a - Beastly Appendage              Transmutation                1
   b - Sticks to Snakes               Transmutation                2
   c - Spider Form                    Transmutation/Poison         3
   d - Ice Form                       Ice/Transmutation            4
   e - Blade Hands                    Transmutation                5
Comestibles
 E - 24 fruits


   Skills:
 + Level 8.2 Fighting
 - Level 7.1 Axes
 + Level 5.5 Dodging
 - Level 1.5 Stealth
 - Level 2.0 Spellcasting
 * Level 11.9 Conjurations
 * Level 12.8 Fire Magic
 - Level 5.1 Invocations


You couldn't memorise any spells.
You knew the following spells:

 Your Spells              Type           Power        Failure   Level  Hunger
a - Flame Tongue          Conj/Fire      #####        1%          1    #......
b - Throw Flame           Conj/Fire      #####.       1%          2    ###....
c - Conjure Flame         Conj/Fire      #####...     1%          3    ###....
d - Sticky Flame          Conj/Fire      #####...     1%          4    #####..
e - Fireball              Conj/Fire      #####.....   2%          5    ######.


Dungeon Overview and Level Annotations

Branches:
Dungeon (12/15)            Temple (1/1) D:7            Lair (1/6) D:11
    Orc (1/2) D:10

Altars:
Ashenzari
Cheibriados
Dithmenos
Elyvilon
Fedhas
Gozag
Hepliaklqana
Kikubaaqudgha
Makhleb
Nemelex Xobeh
Okawaru
Qazlal
Ru
Sif Muna
Trog
Uskayaw
Vehumet
Wu Jian
Xom
Yredelemnul
Zin
The Shining One

Shops:
D:5 *   D:9 ?

Annotations:
D:12 Fannar


Innate Abilities, Weirdness & Mutations

Your body sometimes deteriorates upon taking damage.
Your magical capacity is low. (-10% MP)


Message History

Unknown command.
Aiming: Lightning Bolt (will waste charges)
Press: ? - help, Shift-Dir - straight line, f/p - orc warrior
Aim: an orc warrior, wielding a long sword and wearing a plate armour (heavily wounded)
You hear a mighty clap of thunder!
The bolt of lightning misses the orc warrior.
Evoking this partially-identified wand wasted a few charges.
Unknown command.
Casting: Sticky Flame
Confirm with . or Enter, or press ? or * to list all spells.
You don't have enough magic to cast that spell.
Casting: Sticky Flame
Confirm with . or Enter, or press ? or * to list all spells.
Aiming: Flame Tongue
Press: ? - help, Shift-Dir - straight line, f/p - orc warrior
Aim: an orc warrior, wielding a long sword and wearing a plate armour (heavily wounded)
The flame tongue hits the orc warrior.
The orc warrior is severely wounded.
The orc warrior hits you with a long sword!
You die...

#.## #.# ###.# #'#### #.#### #.#
.....# #....# ######.## .....#
#######.#### #.......# .....#
###..........# #.......#
.....###.J..J.......####.......#
.....##..#..........##.........#
.....'..##.....###.....#.......#
.....#####..####♣#######.......#
.....# ####..)o)..####.......#
###### ###........[....###.....#
# ##....#.......#....##.##### #
##....###.....###....##....# #
#.....###.8.8.###..8..####.#
######......#.......#...)).####.#
....#..#.#..#..#'#.(#..#'#..#....
....#.##.##.#.##.##.#.##)##.#....


You could see an orc warrior.

Vanquished Creatures
  A hydra (D:10)
  4 two-headed ogres
  Nergalle (D:11)
  Pikel (D:7)
  An ugly thing (D:11)
  2 trolls (D:9)
  5 slime creatures (D:10)
  2 dream sheep (D:10)
  Prince Ribbit (D:5)
  A meliai zombie (D:11)
  4 hippogriffs
  A wraith (D:12)
  2 water elementals (D:12)
  Eustachio (D:6)
  11 yaks
  2 vampire mosquitoes (D:10)
  4 wargs (D:10)
  2 porcupines (D:11)
  2 water moccasins
  14 orc warriors
  4 sky beasts
  4 phantoms
  An ice beast (D:9)
  5 ogres
  7 centaurs
  2 crocodiles
  5 big kobolds
  5 bullfrogs
  A water moccasin skeleton (D:9)
  5 scorpions
  8 killer bees
  6 wights
  3 howler monkeys
  An electric eel (D:12)
  A bullfrog zombie (D:5)
  6 crimson imps
  3 centaur zombies
  4 bullfrog skeletons
  A gnoll shaman (D:10)
  8 hounds
  4 jellies
  6 orc priests
  2 centaur skeletons (D:11)
  3 iguanas
  9 orc wizards
  9 worker ants
  2 hound zombies
  3 hound skeletons
  A howler monkey zombie (D:10)
  A worker ant zombie (D:9)
  8 gnolls
  11 adders
  6 shadow imps
  2 oozes
  A worm (D:2)
  4 leopard geckos
  35 orcs
  2 ball pythons
  5 bats
  4 giant cockroaches
  4 goblins
  10 hobgoblins
  2 jackals (D:10)
  4 quokkas
  4 frilled lizards
  A jackal skeleton (D:5)
  10 kobolds
  3 quokka skeletons
  A quokka zombie (D:5)
299 creatures vanquished.

Vanquished Creatures (others)
  A bullfrog skeleton (D:7)
  An orc (D:11)
  3 fungi (D:11)
  8 plants
13 creatures vanquished.

Grand Total: 312 creatures vanquished

Notes
Turn   | Place    | Note
-------+----------+-------------------------------------------
     0 | D:1      | tilp the Hill Orc Fire Elementalist began the quest for the Orb.
     0 | D:1      | Reached XP level 1. HP: 14/14 MP: 3/3
   184 | D:1      | Reached XP level 2. HP: 12/20 MP: 5/5
   740 | D:2      | Reached XP level 3. HP: 23/26 MP: 6/6
   744 | D:2      | Learned a level 2 spell: Throw Flame
   748 | D:2      | Learned a level 3 spell: Conjure Flame
  1070 | D:2      | Found an opulent altar of Gozag.
  1717 | D:3      | Reached XP level 4. HP: 33/33 MP: 1/7
  1906 | D:3      | Reached skill level 4 in Fire Magic
  2325 | D:4      | Found a sparkling altar of Nemelex Xobeh.
  2329 | D:4      | Noticed a phantom
  2661 | D:4      | Noticed an ogre
  2676 | D:4      | Killed an ogre
  2676 | D:4      | Reached XP level 5. HP: 38/38 MP: 0/8
  2765 | D:4      | Reached skill level 5 in Fire Magic
  2829 | D:4      | Reached XP level 6. HP: 45/45 MP: 4/9
  3107 | D:4      | Killed a phantom
  3563 | D:4      | Reached skill level 5 in Conjurations
  3563 | D:4      | Reached skill level 6 in Fire Magic
  3563 | D:4      | Reached XP level 7. HP: 40/50 MP: 5/10
  3773 | D:5      | Entered Level 5 of the Dungeon
  3859 | D:5      | Learned a level 4 spell: Sticky Flame
  3887 | D:5      | Found Deicusuh's Assorted Antiques.
  3933 | D:5      | You fall through a shaft for 3 floors!
  4146 | D:5      | Noticed Prince Ribbit
  4151 | D:5      | Killed Prince Ribbit
  4151 | D:5      | Reached skill level 7 in Fire Magic
  4181 | D:5      | Reached XP level 8. HP: 34/57 MP: 2/11
  4400 | D:5      | Found a basalt altar of Yredelemnul.
  4407 | D:5      | Found an iron altar of Okawaru.
  4818 | D:5      | Found a blossoming altar of Fedhas.
  5401 | D:6      | Noticed a hippogriff
  5413 | D:6      | Killed a hippogriff
  5413 | D:6      | Reached skill level 8 in Fire Magic
  6052 | D:6      | Reached skill level 9 in Fire Magic
  6052 | D:6      | Reached XP level 9. HP: 62/62 MP: 0/12
  6068 | D:6      | Found a hazy altar of Hepliaklqana.
  6303 | D:6      | Noticed Eustachio
  6468 | D:6      | Killed Eustachio
  7337 | D:7      | Upgraded the game from 0.21-a0-150-gc243083 to 0.21-a0-151-ga4fe563
  7359 | D:7      | Noticed Pikel
  7379 | D:7      | Killed Pikel
  7379 | D:7      | Reached skill level 10 in Fire Magic
  7510 | D:7      | Found a staircase to the Ecumenical Temple.
  7527 | Temple   | Entered the Ecumenical Temple
  7750 | D:5      | Became a worshipper of Warmaster Okawaru
  8378 | D:8      | Noticed a two-headed ogre
  8432 | D:8      | Killed a two-headed ogre
  8432 | D:8      | Reached XP level 10. HP: 79/79 MP: 0/13
  8681 | D:8      | Reached * piety under Okawaru
  9163 | D:9      | Reached skill level 5 in Fighting
  9333 | D:9      | Found a bloodstained altar of Trog.
  9593 | D:9      | Reached skill level 1 in Axes
  9708 | D:9      | Found Oreaqin's Magic Scroll Boutique.
  9711 | D:9      | Bought a scroll of teleportation for 36 gold pieces
  9711 | D:9      | Bought a scroll of magic mapping for 42 gold pieces
  9711 | D:9      | Bought a scroll of magic mapping for 42 gold pieces
  9711 | D:9      | Bought a scroll of fear for 42 gold pieces
  9711 | D:9      | Bought a scroll of enchant armour for 90 gold pieces
  9711 | D:9      | Bought a scroll of identify for 24 gold pieces
  9711 | D:9      | Bought a scroll of identify for 24 gold pieces
  9771 | D:9      | Reached skill level 10 in Conjurations
 10043 | D:9      | Reached ** piety under Okawaru
 10382 | D:9      | Reached skill level 11 in Fire Magic
 10602 | D:9      | Reached XP level 11. HP: 71/89 MP: 1/14
 10765 | D:9      | Noticed a two-headed ogre
 10797 | D:9      | Killed a two-headed ogre
 10797 | D:9      | Reached *** piety under Okawaru
 11326 | D:10     | Entered Level 10 of the Dungeon
 11377 | D:10     | Reached skill level 5 in Axes
 11425 | D:10     | Found a staircase to the Orcish Mines.
 11614 | D:10     | Reached skill level 1 in Invocations
 12352 | D:10     | Reached **** piety under Okawaru
 12782 | D:10     | HP: 3/92 [slime creature (8)]
 13048 | D:10     | Noticed a two-headed hydra
 13055 | D:10     | Killed a one-headed hydra
 13210 | D:10     | Reached ***** piety under Okawaru
 13210 | D:10     | Reached skill level 12 in Fire Magic
 13399 | D:11     | Noticed a red ugly thing
 13552 | D:11     | HP: 2/92 [red ugly thing (10)]
 13559 | D:11     | Noticed Nergalle
 13743 | D:11     | Reached XP level 12. HP: 89/100 MP: 3/15
 13786 | D:11     | Reached skill level 5 in Dodging
 13870 | D:11     | Noticed a two-headed ogre
 13893 | D:11     | Killed a two-headed ogre
 14031 | D:11     | Noticed a two-headed ogre
 14049 | D:11     | Killed a two-headed ogre
 14135 | D:11     | Paralysed by a centaur for 2 turns
 14187 | D:11     | Killed Nergalle
 14304 | D:11     | Learned a level 5 spell: Fireball
 14613 | D:11     | Gained mutation: Your body sometimes deteriorates upon taking damage. [mutagenic meat]
 14614 | D:11     | Gained mutation: Your magical capacity is low. (-10% MP) [mutagenic meat]
 14760 | D:11     | Found a staircase to the Lair.
 15093 | D:12     | Reached skill level 5 in Invocations
 15229 | D:12     | Noticed Fannar
 15238 | D:12     | Noticed a two-headed ogre
 15670 | Lair:1   | Entered Level 1 of the Lair of Beasts
 15759 | Orc:1    | Entered Level 1 of the Orcish Mines
 15849 | D:10     | HP: 7/151 [ogre/giant spiked club (13)]
 16131 | D:10     | HP: 6/153 [orc warrior/long sword[an orc knight] (3)]
 16134 | D:10     | HP: 1/153 [orc warrior/long sword[an orc knight] (4)]
 16136 | D:10     | Mangled by an orc warrior

Vault maps used:
D:1:      nicolae_arrival_washed_ashore, minmay_misc_feat_encased
D:2:      nicolae_gozag_cash_rules_everything_around_me
D:4:      nicolae_overflow_crystal_walls
D:5:      cheibrodos_thug_alley, fedhas_altar_fruit_tree,
          amethyst_overflow_temple_binary, first_bread, serial_shops, shop,
          uniq_prince_ribbit1
D:6:      overflow_temple_1_default, serial_glass, glass_columns_b,
          glass_columns_b, uniq_eustachio
D:7:      minmay_temple_entry_statues_pillars, nicolae_ossuary_entry_ruins,
          hangedman_decor_points, uniq_pikel
D:9:      kennysheep_mini_moat, serial_shops, kennysheep_mini
D:10:     david_orc_1_choice, hangedman_ranch
D:11:     grunt_lair_entry_orc_guard_hut, uniq_nergalle
D:12:     cheibrodos_ideogram_h, uniq_fannar
Temple:   regret_index_temple_sphere_string

Skill      XL: |  1  2  3  4  5  6  7  8  9 10 11 12 |
---------------+-------------------------------------+-----
Spellcasting   | 2 |  2.0
Conjurations   | 2 3 4 5 6 7 9 10 11 | 11.9
Fire Magic     | 4 5 6 7 9 10 11 12 | 12.8
Fighting       | 4 6 7 8 |  8.2
Dodging        | 2 4 5 |  5.5
Axes           | 4 6 7 |  7.1
Invocations    | 3 5 |  5.1
Stealth        | |  1.5

Action                   |  1- 3 |  4- 6 |  7- 9 | 10-12 || total
-------------------------+-------+-------+-------+-------++-------
Melee: Hand axe          |    75 |    17 |       |     3 ||    95
       Morningstar       |       |    16 |   172 |       ||   188
       Short sword       |       |       |    72 |    31 ||   103
       War axe           |       |       |       |   433 ||   433
       Punch             |       |       |       |     1 ||     1
Throw: Stone             |       |    12 |     1 |       ||    13
       Tomahawk          |       |       |     7 |       ||     7
       Javelin           |       |       |       |    15 ||    15
 Cast: Flame Tongue      |    34 |    63 |   127 |   210 ||   434
       Conjure Flame     |       |     3 |     9 |    20 ||    32
       Throw Flame       |       |     5 |    14 |    30 ||    49
       Sticky Flame      |       |       |    13 |    38 ||    51
       Fireball          |       |       |       |     6 ||     6
Invok: Heroism           |       |       |       |     6 ||     6
       Finesse           |       |       |       |     3 ||     3
Evoke: Wand              |       |       |       |     6 ||     6
  Use: Scroll            |     7 |     1 |     8 |    14 ||    30
       Potion            |     1 |     1 |       |     7 ||     9
 Stab: Sleeping          |       |     1 |       |     1 ||     2
       Distracted        |       |       |     1 |       ||     1
  Eat: Chunk             |     3 |     8 |    10 |    23 ||    44
       Royal jelly       |       |       |     4 |     5 ||     9
       Meat ration       |       |       |     1 |     2 ||     3
Armor: Leather armour    |    31 |    33 |   114 |    51 ||   229
       Troll leather arm |       |       |       |   189 ||   189
       Skin              |       |       |       |    16 ||    16
Dodge: Dodged            |    71 |    37 |   196 |   421 ||   725
